 Dungeon Crawl Stone Soup version 0.31-a0-532-g28f74ba3e5 (webtiles) character file.

Game seed: 11857328815447162769

276 Shayle the Trooper (level 6, -10/62 HPs)
             Began as an Ogre Shapeshifter on Aug 13, 2023.
             Was an Initiate of Kikubaaqudgha.
             Mangled by an ogre
             ... wielding a +0 giant club
              (18 damage)
             ... on level 4 of the Dungeon.
             The game lasted 00:09:30 (3450 turns).

Shayle the Trooper (Ogre Shapeshifter)              Turns: 3450, Time: 00:09:31

Health: -10/62     AC:  3    Str: 20    XL:     6   Next: 25%
Magic:  6/6        EV: 10    Int: 11    God:    Kikubaaqudgha [......]
Gold:   200        SH:  0    Dex:  9    Spells: 5/5 levels left

rFire   . . .        o - +2 dagger (venom)
rCold   . . .        (no shield)
rNeg    . . .        a - +0 animal skin
rPois   .            (helmet currently unavailable)
rElec   .            (cloak currently unavailable)
rCorr   .            (gloves unavailable)
SInv    .            (boots unavailable)
Will    +....        (no amulet)
Stlth   +            q - ring of willpower
HPRegen 0.30/turn    (no ring)
MPRegen 0.10/turn

%: no passive effects
@: beast-form
A: beast (slay +2), large, unfitting armour, tough skin 1
a: Begin Untransformation, Renounce Religion


You were on level 4 of the Dungeon.
You worshipped Kikubaaqudgha.
Kikubaaqudgha was noncommittal.
You were a hulking beast.
You visited 2 branches of the dungeon, and saw 5 of its levels.
You also visited: Sewer.

You collected 200 gold pieces.

Inventory:

Hand Weapons
 o - a +2 dagger of venom (weapon)
 w - a +1 hand axe of electrocution
Armour
 a - a +0 animal skin (worn)
 v - a +0 cloak
 E - a +0 cloak
Jewellery
 e - an amulet of guardian spirit
 q - a ring of willpower (left hand)
 t - a ring of ice
 B - a +6 ring of strength
Talismans
 c - a beast talisman (active)
 d - a flux talisman
Scrolls
 f - 2 scrolls of immolation
 h - 2 scrolls of noise
 i - a scroll of fear {unknown}
 j - a scroll of fog {unknown}
 l - 2 scrolls of silence {unknown}
 n - a scroll of torment {unknown}
 y - a scroll of enchant armour {unknown}
 z - a scroll of brand weapon {unknown}
 D - a scroll of amnesia {unknown}
 F - a scroll of vulnerability {unknown}
Potions
 b - a potion of lignification
 g - 3 potions of curing
 k - a potion of resistance {unknown}
 m - a potion of mutation {unknown}
 p - 3 potions of attraction
 r - 4 potions of degeneration
 s - a potion of heal wounds
 u - a potion of haste {unknown}
 x - 5 potions of enlightenment
 A - a potion of might {unknown}
 C - a potion of cancellation {unknown}


   Skills:
 - Level 4.0 Fighting
 + Level 3.2 Dodging
 + Level 3.9 Unarmed Combat
 + Level 0.0 Spellcasting
 + Level 0.0 Necromancy
 - Level 3.9 Shapeshifting


You had 5 spell levels left.
You didn't know any spells.
Your spell library was empty.

Dungeon Overview and Level Annotations

Branches:
Dungeon (4/15)             Temple (1/1) D:4           Sewer (visited)

Altars:
Cheibriados
Elyvilon
Fedhas
Gozag
Hepliaklqana
Kikubaaqudgha
Makhleb
Nemelex Xobeh
Okawaru
Qazlal
Ru
Sif Muna
Uskayaw
Vehumet
Wu Jian
Xom
Zin
The Shining One

Shops:
D:1 [

Annotations:
D:3 2 transporters


Innate Abilities, Weirdness & Mutations

You are a hulking beast.
Your limbs bulge with bestial killing power. (Slay +2)
You are too large for most types of armour.
You have tough skin. (AC +1)


Message History

You kneel at the altar of Kikubaaqudgha.
Kikubaaqudgha welcomes you!
Done exploring.
There is a staircase back to the Dungeon here.
You climb upwards.
Welcome back to the Dungeon!
There is a staircase to the Ecumenical Temple here.
A ball python comes into view.
Found 6 poisoned darts.
The ball python hisses angrily.
You hit the ball python.
You kill the ball python!
Kikubaaqudgha accepts your kill.
Found a scroll of identify.
F - a scroll labelled ZOIFAPS IXZOUPU
G - a scroll of identify
As you read the scroll of identify, it crumbles to dust.
p - 3 potions of attraction An ogre comes into view.
It is wielding a +0 giant club.
The ogre shouts!
Okay, then.
You closely miss the ogre. The ogre barely misses you.
You closely miss the ogre. The ogre barely misses you.
You barely miss the ogre. You hit the ogre.
The ogre is poisoned.
The ogre is lightly wounded.
The ogre hits you with a +0 giant club!
You completely miss the ogre.
The ogre is lightly wounded.
The ogre hits you with a +0 giant club!
You hit the ogre.
The ogre looks as sick as possible!
The ogre is heavily wounded.
You hit the ogre.
The ogre is heavily wounded.
The ogre hits you with a +0 giant club!!
* * * LOW HITPOINT WARNING * * *
You hit the ogre.
The ogre looks as sick as possible!
The ogre is severely wounded.
The ogre hits you with a +0 giant club!!
You die...
Kikubaaqudgha rasps: "You have failed me!
Welcome... death!"

##.##.##..####..............#
#..#...#...##...#........#..#
#........#.....###......##...
#........#..>.###.#.....#...
###........##..$.##...........
#..........##...##...$.##.....
##..#..##.###..##......##...>#
## ##..#.###.#..............#
###..#...#.hO...... .....
#.............(.... .....
##.....###......... ...# #
###....###........ #..##
#....# ....#.... #..##..#
#....# ....##... .......) ##
.....# ...#..... ..###... .
......##..##....# #...
##........ .# ......


You could see an ogre (extremely poisoned).

Vanquished Creatures
  A scorpion (D:4)
  2 iguanas
  Robin (D:4)
  A gnoll (D:3)
  2 worms (D:3)
  A dart slug (D:2)
  6 orcs
  9 endoplasms
  9 giant cockroaches
  16 goblins
  11 hobgoblins
  4 jackals
  9 quokkas
  18 ball pythons
  16 bats
  4 frilled lizards
  9 kobolds
  5 rats
124 creatures vanquished.

Notes
Turn   | Place    | Note
-------+----------+-------------------------------------------
     0 | D:1      | Shayle the Ogre Shapeshifter began the quest for the Orb.
     0 | D:1      | Reached XP level 1. HP: 19/19 MP: 1/1
   101 | D:1      | Found Tytacari's Armour Boutique.
   112 | D:1      | Reached XP level 2. HP: 27/28 MP: 2/2
   195 | D:1      | Reached skill level 2 in Fighting
   366 | D:1      | Found a faded altar of an unknown god.
   515 | D:1      | Reached XP level 3. HP: 30/35 MP: 3/3
  1160 | D:3      | Reached XP level 4. HP: 35/44 MP: 4/4
  1241 | D:3      | Found a glowing drain.
  1257 | Sewer    | Entered a sewer
  1903 | D:3      | Reached skill level 3 in Fighting
  2265 | D:3      | Reached XP level 5. HP: 53/53 MP: 5/5
  2326 | D:3      | Found a transporter.
  2340 | D:3      | Found a transporter.
  2671 | D:4      | Noticed Robin
  3158 | D:4      | Killed Robin
  3268 | D:4      | Reached XP level 6. HP: 53/62 MP: 6/6
  3271 | D:4      | Found a staircase to the Ecumenical Temple.
  3285 | D:4      | Reached skill level 4 in Fighting
  3374 | Temple   | Entered the Ecumenical Temple
  3396 | Temple   | Became a worshipper of Kikubaaqudgha
  3450 | D:4      | Mangled by an ogre

Illustrated notes

Levels and vault maps discovered:
D:1:      wander_arrival_lonely_grave, layout_basic, serial_shops, shop,
          hellmonk_ecumenical_altar_leap_of_faith
D:2:      layout_rooms, grunt_decor_junction
D:3:      gammafunk_steamed_eel, layout_loops_ring, portal_sewer_entry_f,
          minmay_parallelograms
D:4:      layout_cave_pools, minmay_temple_entry_wispy, uniq_robin
Temple:   hc_temple_tempest_star

Skill      XL: |  1  2  3  4  5  6 |
---------------+-------------------+-----
Dodging        | 2 3 |  3.2
Fighting       | 2 3 4 |  4.0
Unarmed Combat | 3 |  3.9
Shapeshifting  | |  3.9

Action                     |  1- 3 |  4- 6 || total
---------------------------+-------+-------++-------
  Melee: Unarmed           |    47 |       ||    47
         Punch             |     3 |     6 ||     9
         Dagger            |    65 |   203 ||   268
    Use: Scroll            |       |     4 ||     4
         Potion            |       |     3 ||     3
 Armour: Animal skin       |    33 |    77 ||   110
  Dodge: Dodged            |    45 |   140 ||   185

Table legend: (Time is in decaauts)
 A = Elapsed time spent in this place.
 B = Non-inter-level travel time spent in this place.
 C = Inter-level travel time spent in this place.
 D = Time resting spent in this place.
 E = Time spent auto-exploring this place.
 F = Levels seen in this place.
 G = Mean time per level.
                   A        B        C        D        E       F      G
               +--------+--------+--------+--------+--------+-----+--------+
         Total |   3453 |   3375 |     78 |    758 |   1692 |   6 |  575.5 |
       Dungeon |   3091 |   3025 |     66 |    758 |   1549 |   4 |  772.8 |
        Temple |     34 |     22 |     12 |      0 |      0 |   1 |   34.0 |
         Sewer |    327 |    327 |      0 |      0 |    143 |   1 |  327.0 |
               +--------+--------+--------+--------+--------+-----+--------+

Top non-repeatable levels by time:
     D:3: 1704 daAuts
     D:2: 577 daAuts
     D:1: 506 daAuts
   Sewer: 327 daAuts
     D:4: 302 daAuts
  Temple: 34 daAuts
